 Dungeon Crawl Stone Soup version 0.28.0-62-gf88900778d (webtiles) character file.

Game seed: 3657528525164166275

95 mopl the Skirmisher (level 4, -10/41 HPs)
             Began as a Hill Orc Fighter on Jan 10, 2024.
             Killed from afar by a steam dragon (17 damage)
             ... with a ball of steam
             ... on level 3 of the Dungeon.
             The game lasted 00:01:49 (1741 turns).

mopl the Skirmisher (Hill Orc Fighter)              Turns: 1741, Time: 00:01:50

Health: -10/41     AC:  7    Str: 18    XL:     4   Next: 65%
Magic:  4/4        EV:  9    Int:  8    God:
Gold:   123        SH:  4    Dex: 12    Spells: 3/3 levels left

rFire   . . .      SeeInvis .   a - +0 war axe
rCold   . . .      Faith    .   c - +0 buckler
rNeg    . . .      Spirit   .   b - +0 scale mail
rPois   .          Reflect  .   (no helmet)
rElec   .          Harm     .   (no cloak)
rCorr   .          Rampage  .   (no gloves)
Will    .....                   (no boots)
Stlth   ..........              (no amulet)
HPRegen 0.13/turn               (no ring)
MPRegen 0.09/turn               (no ring)

@: no status effects
A: no striking features
a: no special abilities


You were on level 3 of the Dungeon.
You visited 1 branch of the dungeon, and saw 3 of its levels.

You collected 123 gold pieces.

Inventory:

Hand Weapons
 a - a +0 war axe (weapon)
 m - a +1 vorpal spear
Armour
 b - a +0 scale mail (worn)
 c - a +0 buckler (worn)
Scrolls
 g - 2 scrolls of identify {unknown}
 k - a scroll of noise {unknown}
 l - 2 scrolls of amnesia {unknown}
Potions
 d - a potion of might
 e - a potion of curing {unknown}
 f - 2 potions of resistance {unknown}
 h - a potion of ambrosia {unknown}
 i - a potion of degeneration {unknown}
 j - a potion of attraction {unknown}


   Skills:
 + Level 4.4 Fighting
 + Level 3.9 Axes
 + Level 4.0 Armour
 + Level 1.4 Dodging
 - Level 3.2 Shields


You had 3 spell levels left.
You didn't know any spells.
Your spell library contained the following spells:

 Spells                   Type           Power      Damage    Failure   Level
 Ensorcelled Hibernation  Hex/Ice        0%         N/A       95%         2
 Passwall                 Tmut/Erth      0%         N/A       95%         2
 Swiftness                Air            0%         N/A       99%         3


Dungeon Overview and Level Annotations

Branches:
Dungeon (3/15)

Altars:


Message History

Unknown command.
You open the door.
Found a stone staircase leading down.
You hit the steam dragon.
The steam dragon is lightly wounded.
You block the steam dragon's attack.
The steam dragon claws you but does no damage.
The steam dragon breathes steam at you. The ball of steam misses you.
You hear a shout!
The steam dragon completely misses you. The steam dragon claws you.
You hit the steam dragon but do no damage.
The steam dragon is lightly wounded.
The steam dragon barely misses you. The steam dragon claws you.
You closely miss the steam dragon.
The steam dragon is lightly wounded.
The steam dragon bites you but does no damage.
The steam dragon barely misses you.
You hit the steam dragon.
The steam dragon is lightly wounded.
The steam dragon bites you.
The steam dragon claws you but does no damage.
The steam dragon bites you. The steam dragon barely misses you.
You hit the steam dragon.
The steam dragon is moderately wounded.
You block the steam dragon's attack. The steam dragon closely misses you.
You barely miss the steam dragon.
The steam dragon is moderately wounded.
The steam dragon breathes steam at you. The ball of steam hits you!
You are too injured to fight recklessly!
A goblin comes into view. It is wielding a +0 club.
The steam dragon bites you.
* * * LOW HITPOINT WARNING * * *
The steam dragon claws you but does no damage.
You slash the steam dragon!
The steam dragon is heavily wounded.
The steam dragon breathes steam at you. The ball of steam hits you!
You die...

##########
###.........
..........
........# >....D.
..... #'#.#
###@#.#######
#.§.D........
#...§........
#.§..........
#............
###.#.#######
#.#.#
#.#.##############
#.#...............


You could see a steam dragon (catching breath).

Vanquished Creatures
  4 adders (D:2)
  2 dart slugs
  3 ball pythons (D:1)
  6 bats
  6 endoplasms
  5 giant cockroaches (D:1)
  6 goblins
  4 hobgoblins
  5 jackals (D:1)
  2 quokkas
  A frilled lizard (D:1)
  2 kobolds (D:2)
  4 rats
50 creatures vanquished.

Notes
Turn   | Place    | Note
-------+----------+-------------------------------------------
     0 | D:1      | mopl the Hill Orc Fighter began the quest for the Orb.
     0 | D:1      | Reached XP level 1. HP: 19/19 MP: 1/1
    39 | D:1      | Reached XP level 2. HP: 21/27 MP: 2/2
    40 | D:1      | Reached skill level 3 in Axes
   327 | D:1      | Reached skill level 4 in Fighting
   418 | D:1      | Reached XP level 3. HP: 33/33 MP: 3/3
   507 | D:1      | Found a faded altar of an unknown god.
   525 | D:1      | Reached skill level 1 in Dodging
   999 | D:2      | Reached XP level 4. HP: 29/40 MP: 4/4
  1408 | D:2      | Reached skill level 4 in Armour
  1727 | D:3      | Noticed a steam dragon
  1741 | D:3      | Killed from afar by a steam dragon

Illustrated notes

Levels and vault maps discovered:
D:1:      dpeg_arrival_short_road, layout_basic,
          ebering_ecumenical_altar_abandoned
D:2:      layout_loops_ring, minmay_misc_feat_hallway, amethyst_killhole,
          hangedman_decor_points
D:3:      layout_basic, st_stairs_14

Skill      XL: |  1  2  3  4 |
---------------+-------------+-----
Axes           | 3 |  3.9
Fighting       | 4 |  4.4
Dodging        | 1 |  1.4
Armour         | 4 |  4.0
Shields        | |  3.2

Action                   |  1- 3 |  4- 6 || total
-------------------------+-------+-------++-------
Melee: War axe           |   145 |    46 ||   191
Armor: Scale mail        |    71 |    22 ||    93
Dodge: Dodged            |    95 |    24 ||   119
Block: Buckler           |    39 |     8 ||    47
